 Dungeon Crawl Stone Soup version 0.30-a0-847-g17996783a1 (webtiles) character file.

Game seed: 3954060557863124060

1693 Rocko1345 the Fighter (level 9, -4/76 (86) HPs)
             Began as an Ogre Berserker on Mar 4, 2023.
             Was a Believer of Trog.
             Slain by an orc warrior
             ... wielding a +0 flail
              (8 damage)
             ... on level 6 of the Dungeon.
             The game lasted 00:23:59 (5477 turns).

Rocko1345 the Fighter (Ogre Berserker)              Turns: 5477, Time: 00:24:00

HP:   -4/76 (86)    AC:  9    Str: 27    XL:     9   Next: 2%
MP:   9/9           EV: 10    Int:  8    God:    Trog [**....]
Gold: 255           SH:  0    Dex:  8    Spells: 8/8 levels left

rFire   . . .      SeeInvis +    z - +2 giant club
rCold   . . .      Faith    .    (shield currently unavailable)
rNeg    . . .      Spirit   .    b - +2 animal skin
rPois   .          Reflect  .    (helmet restricted)
rElec   .          Rampage  .    (no cloak)
rCorr   .                        (gloves unavailable)
Will    .....                    (boots unavailable)
Stlth   ++                       (no amulet)
HPRegen 0.32/turn                f - ring of see invisible
MPRegen 0.11/turn                E - +4 ring of protection

@: on berserk cooldown, heavily drained, invisible (expiring)
A: large, unfitting armour, tough skin 1, antennae 1, frail 1
a: Renounce Religion, Berserk, Trog's Hand


You were on level 6 of the Dungeon.
You worshipped Trog.
Trog was pleased with you.
You visited 1 branch of the dungeon, and saw 6 of its levels.

You collected 255 gold pieces.

Inventory:

Hand Weapons
 a - a +0 hand axe
 l - a +0 flail of protection
 o - a +0 morningstar
 q - a +1 vampiric dagger
 s - a +1 heavy flail
 z - a +2 giant club (weapon)
 B - a +6 trident of freezing
 F - a +2 dagger of chaos
Missiles
 G - a throwing net (quivered)
Armour
 b - a +2 animal skin (worn)
 g - an orb of mayhem
Jewellery
 f - a ring of see invisible (left hand)
 E - a +4 ring of protection (right hand)
Wands
 m - a wand of digging (5)
 v - a wand of acid (13)
 w - a wand of flame (16)
Scrolls
 d - a scroll of poison
 h - 2 scrolls of fog
 j - 3 scrolls of teleportation
 n - a scroll of brand weapon {unknown}
 p - a scroll of summoning {unknown}
 r - a scroll of magic mapping {unknown}
 y - a scroll of vulnerability {unknown}
 A - 2 scrolls of immolation {unknown}
 C - a scroll of identify
Potions
 c - 2 potions of berserk rage
 e - a potion of invisibility
 k - 2 potions of mutation
 t - 2 potions of curing {unknown}
 u - a potion of lignification {unknown}
 x - 2 potions of attraction {unknown}
 D - a potion of flight {unknown}


   Skills:
 + Level 8.1 Fighting
 + Level 4.3(6.5) Axes
 - Level 4.7(5.4) Maces & Flails
 * Level 5.0(5.8) Polearms
 + Level 4.9 Dodging
 + Level 1.9 Stealth


You had 8 spell levels left.
You didn't know any spells.
Your spell library was empty.

Dungeon Overview and Level Annotations

Branches:
Dungeon (6/15)             Temple (0/1) D:6

Altars:
Cheibriados
Elyvilon
Fedhas
Gozag
Hepliaklqana
Makhleb
Ru
Vehumet
Wu Jian
Xom
Zin

Shops:
D:2 *


Innate Abilities, Weirdness & Mutations

You are too large for most types of armour.
You have tough skin. (AC +1)
You have a pair of small antennae on your head.
You are frail. (-10% HP)


Message History

The orc hits the bush but does no damage.
Okay, then.
As you read the scroll of fog, it crumbles to dust.
The scroll dissolves into smoke.
There is a stone staircase leading down here.
You catch the helpless orc warrior completely off-guard!
You hit the orc warrior.
The orc warrior is lightly wounded.
The orc warrior hits you with a +0 flail!
* * * LOW HITPOINT WARNING * * *
The orc warrior hits you but does no damage.
You feel much better. The orc closely misses you.
The orc warrior closely misses you.
The orc warrior hits you with a +0 flail!
* * * LOW HITPOINT WARNING * * *
The orc barely misses you.
You bludgeon the orc!!
You kill the orc!
Trog accepts your kill. The orc warrior closely misses you.
The orc warrior hits you but does no damage.
The orc warrior hits you with a +0 flail!
* * * LOW HITPOINT WARNING * * *
You hit the orc warrior but do no damage.
The orc warrior is lightly wounded.
The orc warrior barely misses you. x2
You catch the helpless orc warrior completely off-guard!
You bludgeon the orc warrior!!
The orc warrior is severely wounded.
You feel yourself speed up. The orc warrior closely misses you.
The orc warrior misses you.
You closely miss the orc warrior.
The orc warrior is severely wounded.
The orc warrior hits you with a +0 flail!
* * * LOW HITPOINT WARNING * * *
You closely miss the orc warrior.
The orc warrior is severely wounded.
You flicker for a moment.
The orc warrior hits you with a +0 flail!
You die...

##..#.P._.P.o'..)....$).
#........zF.##≈.....$...
#.##..###...##≈.♣♣♣♣....
#.###.# #§§###≈.♣ ... #.#
#(###....#≈=♣ . #.#
#.#..§§#.#≈(♣ ##.#
#.#.§)§#.#≈..
#..###.#......#≈≈≈
#........o@...########### #
#..........#...#........# #
##................##....####
#...........##...###..#....#
###.#####.....#..........###..
#.....##..#.#.....#........#..
#.#.###..##.##..#.#...#.##.#.#
#.._..#(###.##....#...#.##....
###.#.#.# #....#..#...#.##....


You could see an orc warrior (unable to see you).

Vanquished Creatures
  Sigmund (D:4)
  Edmund (D:4)
  Menkaure (D:6)
  2 ice beasts
  A black bear (D:6)
  3 ogres
  A phantom (D:4)
  A bullfrog (D:5)
  A gnoll sergeant (D:5)
  A scorpion (D:6)
  A crimson imp (D:6)
  3 jellies (D:5)
  A hound (D:5)
  An orc priest (D:3)
  A gnoll bouda (D:6)
  An iguana (D:6)
  An orc wizard (D:3)
  11 gnolls
  4 adders
  An ufetubus (D:5)
  2 worms
  A dart slug (D:5)
  12 orcs
  5 endoplasms
  3 giant cockroaches
  7 goblins
  5 hobgoblins
  11 jackals
  3 quokkas
  5 ball pythons
  5 bats
  7 frilled lizards
  9 kobolds
  5 rats
118 creatures vanquished.

Vanquished Creatures (collateral kills)
  An orc (D:3)
1 creature vanquished.

Vanquished Creatures (others)
  An orc (D:3)
  A plant (D:2)
2 creatures vanquished.

Grand Total: 121 creatures vanquished

Notes
Turn   | Place    | Note
-------+----------+-------------------------------------------
     0 | D:1      | Rocko1345 the Ogre Berserker began the quest for the Orb.
     0 | D:1      | Reached XP level 1. HP: 24/24 MP: 1/1
   159 | D:1      | Reached XP level 2. HP: 32/32 MP: 2/2
   433 | D:1      | Found a faded altar of an unknown god.
   446 | D:1      | Reached XP level 3. HP: 40/40 MP: 3/3
   935 | D:1      | Reached ** piety under Trog
  1184 | D:2      | Found Himuruf's Assorted Antiques.
  1618 | D:2      | Found a radiant altar of Vehumet.
  1855 | D:3      | Reached XP level 4. HP: 35/49 MP: 4/4
  2182 | D:3      | Found a sacrificial altar of Ru.
  2182 | D:3      | Found a snail-covered altar of Cheibriados.
  2182 | D:3      | Found a white marble altar of Elyvilon.
  2301 | D:3      | You fall into a shaft and drop 2 floors!
  2301 | D:5      | Entered Level 5 of the Dungeon
  2406 | D:4      | Reached skill level 5 in Fighting
  2406 | D:4      | Reached XP level 5. HP: 39/57 MP: 5/5
  2513 | D:4      | Found a glowing silver altar of Zin.
  2546 | D:4      | Found a blossoming altar of Fedhas.
  2874 | D:4      | Noticed Edmund
  2882 | D:4      | Killed Edmund
  2883 | D:4      | Reached XP level 6. HP: 66/66 MP: 6/6
  3168 | D:4      | Noticed Sigmund
  3185 | D:4      | Killed Sigmund
  3186 | D:4      | Reached skill level 6 in Fighting
  3186 | D:4      | Reached XP level 7. HP: 73/75 MP: 7/7
  4444 | D:5      | Reached skill level 1 in Polearms
  4523 | D:5      | Reached skill level 7 in Fighting
  4523 | D:5      | Reached skill level 1 in Stealth
  4523 | D:5      | Reached XP level 8. HP: 87/87 MP: 8/8
  4589 | D:5      | Found an ornate altar of the Wu Jian Council.
  4970 | D:6      | Noticed Menkaure
  4977 | D:6      | Killed Menkaure
  5001 | D:6      | Gained mutation: You are frail. (-10% HP) [potion of
                  | mutation]
  5001 | D:6      | Gained mutation: You expend magic power (3 MP) to
                  | strengthen your wands. [potion of mutation]
  5002 | D:6      | Lost mutation: You are frail. (-10% HP) [potion of
                  | mutation]
  5002 | D:6      | Lost mutation: You expend magic power (3 MP) to strengthen
                  | your wands. [potion of mutation]
  5002 | D:6      | Gained mutation: You have a pair of small antennae on your
                  | head. [potion of mutation]
  5002 | D:6      | Gained mutation: You are frail. (-10% HP) [potion of
                  | mutation]
  5027 | D:6      | Found a burning altar of Makhleb.
  5027 | D:6      | Found a shimmering altar of Xom.
  5108 | D:6      | Found a staircase to the Ecumenical Temple.
  5126 | D:6      | Found an opulent altar of Gozag.
  5154 | D:6      | Found a hazy altar of Hepliaklqana.
  5208 | D:6      | Reached skill level 8 in Fighting
  5212 | D:6      | Reached XP level 9. HP: 86/86 MP: 9/9
  5217 | D:6      | Reached skill level 5 in Polearms
  5453 | D:6      | HP: 4/117 [orc warrior/+0 flail (4)]
  5469 | D:6      | HP: 3/76 [orc warrior/+0 flail (16)]
  5477 | D:6      | Slain by an orc warrior

Illustrated notes

Levels and vault maps discovered:
D:1:      onia_arrival_pentagram, layout_basic,
          hellmonk_ecumenical_altar_run_dry, minmay_misc_feat_tiny
D:2:      layout_loops_cross, serial_shops, nicolae_shop_overgrown_old_shop,
          basic_altar
D:3:      layout_rooms, gammafunk_temple_overflow_claw, minmay_distorted
D:4:      layout_basic, mainiacjoe_overflow_large_starburst, uniq_sigmund,
          uniq_edmund
D:5:      layout_loops_ring, lemuel_coloured_pillars_altar
D:6:      layout_rooms, grunt_temple_overflow_champion_of_chaos,
          mainiacjoe_overflow_tiny_flanked,
          nicolae_gozag_cash_rules_everything_around_me,
          minmay_temple_entry_glassed_door, serial_bayou_pond_a,
          kennysheep_dice, uniq_menkaure

Skill      XL: |  1  2  3  4  5  6  7  8  9 |
---------------+----------------------------+-----
Dodging        | 3 4 |  4.9
Axes           | 4 |  4.3
Fighting       | 5 6 7 8 |  8.1
Maces & Flails | 2 3 4 |  4.7
Polearms       | 1 4 5 |  5.0
Stealth        | 1 |  1.9

Action                     |  1- 3 |  4- 6 |  7- 9 || total
---------------------------+-------+-------+-------++-------
  Melee: Hand axe          |   119 |    14 |       ||   133
         Flail             |       |    33 |       ||    33
         Morningstar       |       |    60 |    40 ||   100
         Trident           |       |       |    22 ||    22
         Giant club        |       |       |    86 ||    86
         Punch             |       |       |     1 ||     1
 Invoke: Berserk           |     1 |     3 |     4 ||     8
         Trog's Hand       |       |     2 |     5 ||     7
    Use: Scroll            |     4 |     2 |     6 ||    12
         Potion            |       |       |     5 ||     5
   Stab: Sleeping          |       |       |     1 ||     1
         Invisible         |       |       |     2 ||     2
 Armour: Animal skin       |    37 |    49 |    85 ||   171
  Dodge: Dodged            |    65 |    73 |   127 ||   265

Table legend: (Time is in decaauts)
 A = Elapsed time spent in this place.
 B = Non-inter-level travel time spent in this place.
 C = Inter-level travel time spent in this place.
 D = Time resting spent in this place.
 E = Time spent auto-exploring this place.
 F = Levels seen in this place.
 G = Mean time per level.
                   A        B        C        D        E       F      G
               +--------+--------+--------+--------+--------+-----+--------+
         Total |   5620 |   5416 |    204 |   1134 |   3032 |   6 |  936.7 |
       Dungeon |   5620 |   5416 |    204 |   1134 |   3032 |   6 |  936.7 |
               +--------+--------+--------+--------+--------+-----+--------+

Top non-repeatable levels by time:
     D:4: 1180 daAuts
     D:1: 1141 daAuts
     D:3: 1085 daAuts
     D:5: 952 daAuts
     D:2: 660 daAuts
     D:6: 599 daAuts
